cohdb
Replays
Latest Replays
All Replays
Popular Replays
Top Player Replays
Match Explorer
How It Works
Community
CoH3 Stats
Reddit
Sign in to upload your games and track your stats! →
Sign in with Steam
Hellcats best cats
Match 12072315
Overview
Messages
Build Orders
End
Construct Infanterie Kompanie
MG 42 Machine Gun Team
MG 42 Machine Gun Team
Grenadier Squad
Grenadier Squad
Construct Luftwaffe Kompanie
Medical Station
MG 42 Bunker
Support Elements
Marder III M Tank Destroyer
Wirbelwind Flakpanzer
Jäger Squad
Pioneer Squad
Marder III M Tank Destroyer
Wirbelwind Flakpanzer
Selects Mechanized Battlegroup
Selects Spotting Scopes
Selects Zeroing Artillery Barrage
Selects Raid Package
Selects 8 Rad Armored Car
Grenadier Squad
Jäger Squad
Selects Panther Heavy Tank
Panther Heavy Tank
AI Takeover
Chukcha_In_Mexico
Penetron2000
oki
Tonimontana
0
0
Comments
sign in to comment!
No comments posted yet!